 Dungeon Crawl Stone Soup version 0.19.4-8-ga85b6b9 (webtiles) character file.

26413 Kosschaser the Severer (level 12, -3/108 HPs)
             Began as a Minotaur Fighter on Feb 13, 2017.
             Was a Priest of Trog.
             Killed by divine providence
             ... invoked by Saint Roka
              (12 damage)
             ... on level 2 of the Orcish Mines.
             The game lasted 01:48:56 (15224 turns).

Kosschaser the Severer (Minotaur Fighter)          Turns: 15224, Time: 01:48:56

Health: -3/108     AC: 24    Str: 27    XL:     12   Next: 98%
Magic:  11/11      EV:  9    Int:  5    God:    Trog [***...]
Gold:   1416       SH: 12    Dex:  9    Spells: 0 memorised, 11 levels left

rFire  + . .     SeeInvis .     b - +2 broad axe (flame)
rCold  . . .     Gourm    +     s - +3 plate armour
rNeg   . . .     Faith    .     c - +0 shield
rPois  .         Spirit   .     (helmet restricted)
rElec  .         Reflect  .     k - +2 cloak
rCorr  .         Harm     .     y - +2 pair of gloves
MR     ++...                    (no boots)
Stlth  ..........               z - amulet of the gourmand
                                B - +1 ring of protection
                                u - ring of protection from fire

@: exhausted, regenerating, slowed, heavily drained, very slow
A: retaliatory headbutt, horns 2
a: Berserk, Trog's Hand, Burn Spellbooks, Renounce Religion


You were on level 2 of the Orcish Mines.
You worshipped Trog.
Trog was most pleased with you.
You were not hungry.

You visited 5 branches of the dungeon, and saw 18 of its levels.

You collected 1416 gold pieces.

Inventory:

Hand Weapons
 b - a +2 broad axe of flaming (weapon)
Armour
 c - a +0 shield (worn)
 k - a +2 cloak (worn)
 s - a +3 plate armour (worn)
 y - a +2 pair of gloves (worn)
 D - the +1 chain mail of Narcissism {rPois Str+3}
   (You found it on level 9 of the Dungeon)

   It affects your strength (+3).
   It protects you from poison.
 L - a +2 scale mail of magic resistance
Jewellery
 d - an uncursed ring of flight
 u - a ring of protection from fire (left hand)
 z - an amulet of the gourmand (around neck)
 B - a +1 ring of protection (right hand)
 I - an uncursed ring of poison resistance
 O - an uncursed amulet of magic regeneration
Wands
 g - a wand of acid (4/15)
 l - a wand of slowing (16/48)
 q - a wand of confusion (20/48)
 w - a wand of random effects (17/48)
 M - a wand of polymorph (15/24)
Scrolls
 r - 2 scrolls of enchant armour
 v - a scroll of fog
 A - a scroll of recharging
 C - 2 scrolls of fear
 E - a scroll of enchant weapon
 J - 4 scrolls of remove curse
Potions
 e - 3 potions of flight
 i - 2 potions of brilliance
 n - a potion of haste
 o - 3 potions of cure mutation {unknown}
 t - 3 potions of lignification {unknown}
 x - 4 potions of curing {unknown}
 G - 3 potions of agility
 K - a potion of might
Comestibles
 a - 8 royal jellies
 f - 10 bread rations
 h - 4 slices of pizza
 j - 8 beef jerkies
 m - 5 meat rations
 p - 13 fruits


   Skills:
 + Level 10.9(9.4) Fighting
 + Level 16.2(14.5) Axes
 + Level 10.7(9.1) Armour
 + Level 7.5(6.1) Dodging
 + Level 2.5(1.2) Stealth
 + Level 11.4(9.8) Shields
 + Level 0.3(0.0) Evocations


You had 11 spell levels left.
You didn't know any spells.

Dungeon Overview and Level Annotations

Branches:
Dungeon (12/15)            Temple (1/1) D:7            Lair (2/6) D:10
  Swamp (0/4) Lair:2       Spider (1/4) Lair:2          Orc (2/2) D:11
    Elf: Orc:2

Altars:
Ashenzari
Cheibriados
Dithmenos
Elyvilon
Fedhas
Gozag
Hepliaklqana
Kikubaaqudgha
Makhleb
Nemelex Xobeh
Okawaru
Qazlal
Ru
Sif Muna
Trog
Uskayaw
Vehumet
Xom
Yredelemnul
Zin
The Shining One

Shops:
D:8 :

Annotations:
Orc:2 Saint Roka


Innate Abilities, Weirdness & Mutations

You reflexively headbutt those who attack you in melee.
You have a pair of horns on your head.


Message History

You slice Saint Roka!! You burn Saint Roka! You headbutt Saint Roka!
Saint Roka is almost dead.
Saint Roka hits you with a war axe of draining!
* * * LOW HITPOINT WARNING * * *
You feel drained.
* * * LOW HITPOINT WARNING * * *
The orc priest hits you but does no damage.
The orc warrior hits you from afar with a glaive!
* * * LOW HITPOINT WARNING * * *
You are no longer berserk.
You are exhausted.
You feel yourself slow down.
You feel the effects of Trog's Hand fading.
There is a stone staircase leading up, spattered with blood here.
You see here a tomahawk.
Unknown command.
The orc priest no longer looks unusually strong.
Saint Roka mumbles some strange prayers to Beogh against you.
Beogh smites you!
You die...

.........# ....
.........#####......#
...................# '..o'
#.................# #o..#
#................# #o8.#
#................# #oo.#
#.#..[[..........# +...+
#......รท...).....# #oo.#
##........@.).....# ##)))#
###....#.....)o..o..## #8oo)8
..............)oo.##..###.o)o.
...........#............##'))#
.......#..(..............o)...
...........(............#o8.8.
...........#(........#........
............#.................
#................###..........


You could see Saint Roka, an orc warrior, an orc priest and an orc wizard.

Vanquished Creatures
  A stone giant (Orc:1)
  An ettin (D:11)
  Snorg (Orc:1)
  Harold (D:10)
  A hydra (Lair:1)
  The ghost of Paps the Grappler, a novice TrFi of Okawaru (D:9)
  An orc high priest (Orc:2)
  Pikel (D:8)
  2 hill giants (D:11)
  An orc knight (Orc:1)
  A wolf spider (Spider:1)
  A cyclops (D:11)
  3 black mambas
  Joseph (D:8)
  A spiny frog (Lair:1)
  A komodo dragon (Lair:1)
  A queen bee (D:8)
  Prince Ribbit (D:5)
  A hornet (Lair:2)
  A troll (D:8)
  A jumping spider (Spider:1)
  8 hippogriffs
  Sigmund (D:4)
  A tarantella (Spider:1)
  3 redbacks (Lair:2)
  15 yaks
  4 fire bats (Lair:2)
  2 hungry ghosts
  A basilisk (Lair:1)
  Edmund (D:6)
  5 wargs
  A soldier ant (D:11)
  Menkaure (D:6)
  2 swamp worms (Lair:2)
  3 water moccasins
  A porcupine (Lair:1)
  Duvessa (D:6)
  28 orc warriors
  2 ice beasts
  A sky beast (D:9)
  A slave (D:8)
  6 black bears
  7 ogres
  2 centaurs
  3 crocodiles
  A big kobold (D:11)
  Blork the orc (D:6)
  9 bullfrogs
  A gnoll sergeant (D:11)
  Dowan (D:6)
  3 scorpions
  23 killer bees
  3 electric eels
  3 wights (D:7)
  2 howler monkeys
  4 crimson imps
  A lava snake (Lair:2)
  2 centaur zombies (D:9)
  A quasit (D:7)
  2 bullfrog zombies
  5 hounds
  17 orc wizards
  12 orc priests
  2 centaur skeletons
  A gnoll shaman (D:8)
  A bullfrog skeleton (D:4)
  Natasha (thrice) (D:4)
  7 worker ants
  A killer bee zombie (D:8)
  Robin (D:4)
  11 gnolls
  18 adders
  4 shadow imps
  4 oozes
  An adder skeleton (D:8)
  5 worms
  2 dart slugs
  5 leopard geckos
  68 orcs
  3 ball pythons (D:2)
  4 giant cockroaches
  2 gnoll zombies (D:4)
  17 goblins
  9 hobgoblins
  4 jackals (D:4)
  8 quokkas
  6 bats
  4 frilled lizards
  10 kobolds
  A leopard gecko skeleton (D:4)
  A quokka skeleton (D:10)
  5 rats
  A fungus (Lair:1)
  A plant (Lair:1)
425 creatures vanquished.

Vanquished Creatures (others)
  3 slaves (D:8)
  A gnoll (D:8)
  A quokka (D:5)
  A fungus (Lair:2)
  A plant (Lair:1)
7 creatures vanquished.

Grand Total: 432 creatures vanquished

Notes
Turn   | Place    | Note
-------+----------+-------------------------------------------
     0 | D:1      | Kosschaser the Minotaur Fighter began the quest for the Orb.
     0 | D:1      | Reached XP level 1. HP: 19/19 MP: 0/0
   120 | D:1      | Reached XP level 2. HP: 18/27 MP: 1/1
   436 | D:1      | Reached skill level 3 in Axes
   598 | D:2      | Reached XP level 3. HP: 31/33 MP: 2/2
  1147 | D:2      | Reached skill level 1 in Dodging
  1432 | D:2      | Reached XP level 4. HP: 39/40 MP: 3/3
  2002 | D:3      | Found a snail-covered altar of Cheibriados.
  2153 | D:3      | Reached skill level 4 in Axes
  2352 | D:3      | Reached XP level 5. HP: 28/46 MP: 4/4
  2664 | D:4      | Found a stormy altar of Qazlal.
  2665 | D:4      | Noticed Robin
  2670 | D:4      | Killed Robin
  2779 | D:4      | Noticed Natasha
  2789 | D:4      | Killed Natasha
  2789 | D:4      | Reached XP level 6. HP: 50/53 MP: 5/5
  2806 | D:4      | Reached skill level 5 in Axes
  2806 | D:4      | Reached skill level 5 in Shields
  3067 | D:4      | Noticed Natasha
  3072 | D:4      | Killed Natasha
  3103 | D:4      | Noticed Natasha
  3110 | D:4      | Killed Natasha
  3198 | D:4      | Found a basalt altar of Yredelemnul.
  3221 | D:4      | Noticed Sigmund
  3233 | D:4      | Killed Sigmund
  3233 | D:4      | Reached skill level 6 in Axes
  3233 | D:4      | Reached skill level 5 in Armour
  3233 | D:4      | Reached XP level 7. HP: 60/60 MP: 6/6
  3358 | D:5      | Entered Level 5 of the Dungeon
  3529 | D:5      | Noticed Prince Ribbit
  3530 | D:5      | Noticed Blork the orc
  3556 | D:6      | Killed Blork the orc
  3556 | D:6      | Reached skill level 5 in Fighting
  3570 | D:6      | Noticed Duvessa
  3575 | D:5      | Reached skill level 7 in Axes
  3598 | D:5      | Killed Prince Ribbit
  3598 | D:5      | Reached XP level 8. HP: 24/68 MP: 7/7
  3843 | D:5      | Found a white marble altar of Elyvilon.
  3891 | D:5      | Reached skill level 8 in Axes
  3928 | D:5      | Found a sacrificial altar of Ru.
  4447 | D:6      | Found an opulent altar of Gozag.
  4483 | D:6      | Found a sacrificial altar of Ru.
  4483 | D:6      | Found a blossoming altar of Fedhas.
  4502 | D:6      | Noticed Menkaure
  4509 | D:6      | Killed Menkaure
  4512 | D:6      | Reached skill level 9 in Axes
  4959 | D:7      | Reached XP level 9. HP: 52/75 MP: 8/8
  5139 | D:6      | Noticed Dowan
  5144 | D:6      | Killed Duvessa
  5147 | D:6      | Killed Dowan
  5150 | D:6      | Got a polished ring mail
  5161 | D:6      | Identified the +5 ring mail "Xablyoh" {rC- Str+3 Dex+4} (You took it off Duvessa on level 6 of the Dungeon)
  5179 | D:6      | Noticed Edmund
  5186 | D:6      | Killed Edmund
  5186 | D:6      | Reached skill level 10 in Axes
  5351 | D:7      | Reached skill level 1 in Stealth
  5441 | D:7      | Found an iron altar of Okawaru.
  5575 | D:7      | Found a staircase to the Ecumenical Temple.
  5584 | Temple   | Entered the Ecumenical Temple
  5867 | D:8      | Noticed Joseph
  5881 | D:8      | Killed Joseph
  5881 | D:8      | Reached skill level 11 in Axes
  6121 | D:8      | Noticed a queen bee
  6144 | D:8      | Reached XP level 10. HP: 76/86 MP: 9/9
  6508 | D:8      | Noticed Pikel
  6533 | D:8      | Killed Pikel
  6533 | D:8      | Reached skill level 5 in Dodging
  6825 | D:8      | Found Teklug's Book Boutique.
  6903 | D:9      | Got a twisted ring mail
  6914 | D:9      | Identified the +1 ring mail of the Present {Dex+4 Stlth+} (You found it on level 9 of the Dungeon)
  6975 | D:9      | Found a bloodstained altar of Trog.
  7017 | D:9      | Reached skill level 10 in Shields
  7021 | D:9      | Noticed Paps's ghost (novice TrFi)
  7031 | D:9      | Reached skill level 12 in Axes
  7232 | D:9      | HP: 2/86 [orc priest/divine providence (14)]
  7615 | D:8      | You fall through a shaft for 3 floors!
  8002 | D:11     | Reached XP level 11. HP: 88/94 MP: 10/10
  8498 | D:11     | Noticed a hill giant
  8499 | D:11     | Found a staircase to the Orcish Mines.
  8505 | D:11     | Killed a hill giant
  8560 | D:10     | Entered Level 10 of the Dungeon
  8905 | D:10     | Noticed Harold
  8920 | D:10     | Killed Harold
  8920 | D:10     | Reached skill level 13 in Axes
  9054 | D:10     | Found a staircase to the Lair.
  9099 | Lair:1   | Entered Level 1 of the Lair of Beasts
  9878 | Lair:1   | Reached skill level 14 in Axes
 10551 | D:12     | Identified a scroll of acquirement
 10694 | D:12     | Noticed a centaur warrior
 10706 | D:12     | HP: 2/97 [centaur warrior/arrow (6)]
 11119 | D:11     | Noticed a hill giant
 11127 | D:11     | Killed a hill giant
 11337 | D:9      | Became a worshipper of Trog the Wrathful
 11412 | D:9      | Got a bloodstained chain mail
 11423 | D:9      | Identified the cursed +1 chain mail of Narcissism {rPois Str+3} (You found it on level 9 of the Dungeon)
 11470 | D:9      | Found a shimmering altar of Xom.
 11680 | D:9      | Killed Paps's ghost
 11852 | Lair:1   | Noticed a seven-headed hydra
 11858 | Lair:1   | Killed a four-headed hydra
 11858 | Lair:1   | Reached XP level 12. HP: 62/105 MP: 11/11
 12691 | Lair:2   | Found a staircase to the Swamp.
 12705 | Lair:2   | Reached skill level 10 in Fighting
 12713 | Lair:2   | HP: 3/106 [tyrant leech (22)]
 12765 | Lair:2   | Reached * piety under Trog
 12772 | Lair:2   | HP: 5/106 [yak (8)]
 12773 | Lair:2   | Reached skill level 15 in Axes
 13451 | Lair:2   | Found a hole to the Spider Nest.
 13499 | Spider:1 | Entered Level 1 of the Spider Nest
 13927 | Lair:2   | Reached skill level 10 in Armour
 14069 | Orc:1    | Entered Level 1 of the Orcish Mines
 14069 | Orc:1    | Noticed an ettin
 14071 | Orc:1    | Noticed a stone giant
 14079 | D:11     | Killed an ettin
 14418 | Orc:1    | Noticed Snorg
 14426 | Orc:1    | Killed a stone giant
 14429 | Orc:1    | Killed Snorg
 14499 | Orc:1    | Reached ** piety under Trog
 14764 | Orc:1    | Found a radiant altar of Vehumet.
 14802 | Orc:2    | Entered Level 2 of the Orcish Mines
 14807 | Orc:2    | Reached skill level 16 in Axes
 14825 | Orc:2    | Noticed an orc high priest
 14840 | Orc:2    | Killed an orc high priest
 14875 | Orc:2    | Reached *** piety under Trog
 14884 | Orc:2    | Noticed Saint Roka
 15224 | Orc:2    | Killed from afar by Saint Roka

Skill      XL: |  1  2  3  4  5  6  7  8  9 10 11 12 |
---------------+-------------------------------------+-----
Axes           | 3 4 6 7 9 11 12 14 16 | 16.2
Shields        | 4 5 6 8 10 11 | 11.4
Fighting       | 4 5 6 7 9 10 | 10.9
Dodging        | 1 2 3 4 6 7 |  7.5
Armour         | 4 5 7 8 9 10 | 10.7
Stealth        | 1 2 |  2.5
Evocations     | |  0.3

Action                   |  1- 3 |  4- 6 |  7- 9 | 10-12 || total
-------------------------+-------+-------+-------+-------++-------
Melee: War axe           |   159 |   218 |   190 |       ||   567
       Headbutt          |     7 |    33 |    38 |   158 ||   236
       Hand axe          |       |       |    59 |   190 ||   249
       Battleaxe         |       |       |       |   203 ||   203
       Broad axe         |       |       |       |   300 ||   300
Invok: Burn Spellbooks   |       |       |       |     1 ||     1
       Berserk           |       |       |       |     4 ||     4
       Trog's Hand       |       |       |       |     2 ||     2
Evoke: Wand              |       |       |     1 |     1 ||     2
  Use: Scroll            |     2 |     5 |    10 |    11 ||    28
       Potion            |       |       |     2 |     3 ||     5
 Stab: Sleeping          |       |       |       |     1 ||     1
  Eat: Chunk             |     2 |     5 |    20 |    39 ||    66
Armor: Scale mail        |   102 |    91 |    17 |       ||   210
       Plate armour      |       |       |   100 |    28 ||   128
       Ring mail         |       |       |    55 |   178 ||   233
       Chain mail        |       |       |       |    67 ||    67
Dodge: Dodged            |    67 |    75 |   112 |   366 ||   620
Block: Shield            |   120 |   116 |   171 |   304 ||   711
